 Dungeon Crawl Stone Soup version 0.29-a0-330-g52719c12eb (webtiles) character file.

Game seed: 9360470713123497978

3297 kae the Firebug (level 9, -4/70 HPs)
             Began as a Demigod Fire Elementalist on May 21, 2022.
             Slain by a slime creature (19 damage)
             ... on level 7 of the Dungeon.
             The game lasted 00:05:41 (8497 turns).

kae the Firebug (Demigod Fire Elementalist)         Turns: 8497, Time: 00:05:42

Health: -4/70      AC:  6    Str: 15    XL:     9   Next: 42%
Magic:  8/20       EV: 13    Int: 33    God:
Gold:   336        SH:  0    Dex: 14    Spells: 8/17 levels left

rFire   + + .      SeeInvis .   s - +8 dagger of the Beast {venom, rF+ rN+ Int+4}
rCold   . . .      Faith    .   (no shield)
rNeg    + . .      Spirit   .   y - +0 leather armour {rF+}
rPois   .          Reflect  .   (no helmet)
rElec   .          Harm     .   f - +0 cloak
rCorr   .          Rampage  .   j - +0 pair of gloves
Will    .....                   g - +0 pair of boots
Stlth   ++........              (no amulet)
HPRegen 0.21/turn               t - +6 ring of strength
MPRegen 0.17/turn               (no ring)

@: about to teleport
A: high MP 1, forlorn, divine attributes
a: no special abilities


You were on level 7 of the Dungeon.
You visited 1 branch of the dungeon, and saw 7 of its levels.

You collected 336 gold pieces.

Inventory:

Hand Weapons
 e - a +1 falchion
 s - the +8 dagger of the Beast (weapon) {venom, rF+ rN+ Int+4}
   (You found it on level 3 of the Dungeon)

   It poisons the flesh of those it strikes.
   Int:       It affects your intelligence (+4).
   rF:        It protects you from fire.
   rN:        It protects you from negative energy.
Missiles
 i - 3 throwing nets
Armour
 a - a +0 robe
 f - a +0 cloak (worn)
 g - a +0 pair of boots (worn)
 j - a +0 pair of gloves (worn)
 y - a +0 leather armour of fire resistance (worn)
Jewellery
 t - a +6 ring of strength (left hand)
 z - a ring of ice
Wands
 q - a wand of iceblast (11)
Scrolls
 c - a scroll of identify
 d - 2 scrolls of blinking
 m - a scroll of teleportation
 n - a scroll of enchant weapon
 r - a scroll of immolation
 u - a scroll of magic mapping {unknown}
 x - a scroll of amnesia {unknown}
Potions
 b - a potion of magic
 h - 2 potions of attraction
 k - a potion of brilliance
 l - a potion of flight
 o - 3 potions of might
 p - 3 potions of degeneration
 v - 2 potions of curing
 w - a potion of haste


   Skills:
 + Level 3.6 Fighting
 + Level 4.3 Dodging
 - Level 1.7 Stealth
 + Level 4.9 Spellcasting
 * Level 7.2 Conjurations
 * Level 7.6 Fire Magic


You had 8 spell levels left.
You knew the following spells:

 Your Spells              Type           Power      Damage    Failure   Level
a - Foxfire               Conj/Fire      100%       2x1d9     1%          1
b - Scorch                Fire           100%       2d10      1%          2
c - Conjure Flame         Conj/Fire      55%        6-21      1%          3
d - Inner Flame           Hex/Fire       33%        N/A       3%          3

Your spell library contained the following spells:

 Spells                   Type           Power      Damage    Failure   Level
 Flame Wave               Conj/Fire      55%        2d11      2%          4
 Stone Arrow              Conj/Erth      62%        3d10      4%          3
 Tukima's Dance           Hex            8%         N/A       19%         3
 Animate Armour           Summ/Erth      16%        N/A       52%         4
 Passage of Golubria      Tloc           8%         N/A       52%         4
 Yara's Violent Unravell  Hex/Tmut       4%         3d4       86%         5
 Lehudib's Crystal Spear  Conj/Erth      15%        10d5      100%        8


Dungeon Overview and Level Annotations

Branches:
Dungeon (7/15)             Temple (0/1) D:5

Shops:
D:1 [=!

Annotations:
D:2 exclusion: upstairs
D:6 3 runed translucent doors, DuloT34's ghost, novice DjFE


Innate Abilities, Weirdness & Mutations

You have an increased reservoir of magic. (+10% MP)
You shall have no god before yourself.
Your divine heritage dramatically boosts your attributes as you level up.


Message History

Casting: Inner Flame (dangerous; 3% risk of failure)
Confirm with . or Enter, or press ? or * to list all spells.
You conjure some foxfire!
Casting: Foxfire (safe; 1% risk of failure)
Confirm with . or Enter, or press ? or * to list all spells.
You conjure some foxfire!
The foxfire hits the wraith but does no damage.
The wraith is moderately damaged.
Your foxfire dissipates!
Casting: Foxfire (safe; 1% risk of failure)
Confirm with . or Enter, or press ? or * to list all spells.
Flames lash the wraith but do no damage.
Your foxfire dissipates!
Casting: Scorch (safe; 1% risk of failure)
Confirm with . or Enter, or press ? or * to list all spells.
Flames lash the wraith.
The wraith is heavily damaged.
The wraith's fire resistance burns away.
Casting: Scorch (safe; 1% risk of failure)
Confirm with . or Enter, or press ? or * to list all spells.
Flames lash the wraith.
The wraith is burned terribly!
The wraith is severely damaged.
A slime creature comes into view.
The wraith completely misses you. The wraith hits you.
Casting: Scorch (safe; 1% risk of failure)
Confirm with . or Enter, or press ? or * to list all spells.
Flames lash the wraith.
The wraith is burned terribly!
You destroy the wraith!
Casting: Scorch (safe; 1% risk of failure)
Confirm with . or Enter, or press ? or * to list all spells.
Flames lash the slime creature.
The slime creature is lightly wounded.
The slime creature's fire resistance burns away.
The slime creature barely misses you. The slime creature hits you!!
* * * LOW HITPOINT WARNING * * *
As you read the scroll of teleportation, it crumbles to dust.
You feel strangely unstable. The slime creature hits you!!
You die...

#......#.#
+....##....#
###.(...)#ยง#
# ###....#v#
#. ###[##.#
.# #.
###.)###e#
#..#
###..#'###..#
##.)##..#
###J@# ###..#
##..# #..# #.


You could see a slime creature (combustible).

Vanquished Creatures
  A deep elf pyromancer (D:7)
  An ugly thing (D:7)
  Sigmund (D:4)
  A vampire (D:7)
  A wraith (D:7)
  A water moccasin (D:7)
  2 black bears
  2 ice beasts
  2 sky beasts (D:7)
  2 ogres (D:6)
  A phantom (D:7)
  A kobold brigand (D:7)
  4 scorpions
  A wight (D:7)
  A killer bee (D:7)
  2 hounds (D:5)
  A jelly (D:7)
  An orc priest (D:5)
  5 iguanas
  6 orc wizards
  13 gnolls
  8 adders
  5 white imps
  2 ufetubi
  A worm (D:4)
  2 dart slugs
  11 orcs
  6 ball pythons
  3 endoplasms
  5 giant cockroaches
  3 goblins
  5 hobgoblins
  2 jackals (D:3)
  5 kobolds
  4 quokkas
  A bat (D:3)
  4 frilled lizards
  2 rats (D:1)
119 creatures vanquished.

Vanquished Creatures (others)
  446 foxfires
  A withered plant (D:7)
447 creatures vanquished.

Grand Total: 566 creatures vanquished

Notes
Turn   | Place    | Note
-------+----------+-------------------------------------------
     0 | D:1      | kae the Demigod Fire Elementalist began the quest for the
                  | Orb.
     0 | D:1      | Reached XP level 1. HP: 14/14 MP: 5/5
    23 | D:1      | Found Ymygax's Distillery.
   416 | D:1      | Reached skill level 1 in Conjurations
   506 | D:1      | Found Beneis's Jewellery Shop.
   933 | D:1      | Found Citz's Antique Armour Emporium.
   997 | D:1      | Reached XP level 2. HP: 20/20 MP: 2/7
  1657 | D:2      | Reached XP level 3. HP: 22/26 MP: 5/8
  1883 | D:2      | Learned a level 2 spell: Scorch
  1887 | D:2      | Learned a level 3 spell: Conjure Flame
  2240 | D:2      | Reached XP level 4. HP: 33/33 MP: 7/10
  3370 | D:3      | Reached XP level 5. HP: 24/38 MP: 3/11
  3652 | D:3      | Identified the +8 dagger of the Beast {venom, rF+ rN+
                  | Int+4}
  4105 | D:4      | Noticed Sigmund
  4370 | D:4      | Learned a level 3 spell: Inner Flame
  4380 | D:4      | Killed Sigmund
  4381 | D:4      | Reached XP level 6. HP: 45/45 MP: 6/13
  4394 | D:4      | Reached skill level 5 in Fire Magic
  4940 | D:4      | Reached XP level 7. HP: 50/50 MP: 11/15
  5212 | D:5      | Entered Level 5 of the Dungeon
  5733 | D:5      | Reached skill level 1 in Fighting
  5838 | D:5      | Found a staircase to the Ecumenical Temple.
  5852 | D:5      | Reached skill level 5 in Conjurations
  6460 | D:6      | Reached XP level 8. HP: 61/61 MP: 12/17
  6967 | D:6      | Found a runed translucent gate.
  6967 | D:6      | Found a runed translucent gate.
  6967 | D:6      | Found a runed translucent gate.
  7362 | D:6      | Noticed DuloT34's ghost (novice DjFE)
  8362 | D:7      | Noticed a white ugly thing
  8366 | D:7      | Killed a white ugly thing
  8367 | D:7      | Reached XP level 9. HP: 18/70 MP: 7/19
  8466 | D:7      | Identified the ring "Feass" {rC++ rCorr AC+4}
  8466 | D:7      | Noticed a deep elf pyromancer
  8479 | D:7      | Killed a deep elf pyromancer
  8497 | D:7      | Slain by a slime creature

Illustrated notes

Levels and vault maps discovered:
D:1:      elethiomel_arrival_shortcut, layout_loops_corners, serial_shops,
          shop_statue, shop_statue, nicolae_square_shop,
          hellmonk_ecumenical_altar_arch_garden
D:2:      layout_loops_ring
D:3:      layout_basic
D:4:      layout_gridville, nicolae_tso_carved_into_rock, uniq_sigmund
D:5:      layout_basic, minmay_temple_entry_hall
D:6:      layout_basic, ebering_ghost_rock_garden
D:7:      minmay_the_grid_triangle_9x9_recursive_2
          [minmay_the_grid_triangle_9x9_prize_special,
          minmay_the_grid_triangle_9x9_thin_v,
          minmay_the_grid_triangle_9x9_sprig,
          minmay_the_grid_triangle_9x9_dagger], layout_loops_ring,
          serial_undead, serial_undead_b, serial_undead_a, serial_undead_a,
          serial_undead_a

Skill      XL: |  1  2  3  4  5  6  7  8  9 |
---------------+----------------------------+-----
Conjurations   | 1 2 3 4 5 6 7 |  7.2
Fire Magic     | 3 4 5 6 7 |  7.6
Spellcasting   | 2 3 4 |  4.9
Dodging        | 2 3 4 |  4.3
Fighting       | 1 3 |  3.6
Stealth        | |  1.7

Action                   |  1- 3 |  4- 6 |  7- 9 || total
-------------------------+-------+-------+-------++-------
Melee: Falchion          |    23 |     1 |       ||    24
       Unarmed           |     3 |       |       ||     3
       Dagger            |       |    10 |    41 ||    51
 Cast: Foxfire           |    60 |    99 |   113 ||   272
       Scorch            |     3 |     8 |    24 ||    35
       Inner Flame       |       |     1 |     2 ||     3
       Conjure Flame     |       |       |     3 ||     3
  Use: Scroll            |     2 |     1 |    11 ||    14
       Potion            |       |       |     2 ||     2
 Stab: Sleeping          |     1 |     1 |     1 ||     3
Armor: Robe              |    11 |    10 |     2 ||    23
       Leather armour    |       |       |    17 ||    17
Dodge: Dodged            |    38 |    17 |    48 ||   103

Table legend: (Time is in decaauts)
 A = Elapsed time spent in this place.
 B = Non-inter-level travel time spent in this place.
 C = Inter-level travel time spent in this place.
 D = Time resting spent in this place.
 E = Time spent auto-exploring this place.
 F = Levels seen in this place.
 G = Mean time per level.
                   A        B        C        D        E       F      G
               +--------+--------+--------+--------+--------+-----+--------+
         Total |   8510 |   8285 |    225 |    986 |   6133 |   7 | 1215.7 |
       Dungeon |   8510 |   8285 |    225 |    986 |   6133 |   7 | 1215.7 |
               +--------+--------+--------+--------+--------+-----+--------+

Top non-repeatable levels by time:
     D:3: 1610 daAuts
     D:1: 1542 daAuts
     D:6: 1215 daAuts
     D:2: 1185 daAuts
     D:7: 1127 daAuts
     D:5: 948 daAuts
     D:4: 881 daAuts
